 Dungeon Crawl Stone Soup version 0.31-a0-313-g785cd24033 (webtiles) character file.

Game seed: 14344555780947594786

1327 AdnanSaban the Cudgeller (level 8, -13/50 HPs)
             Began as a Gargoyle Fighter on July 17, 2023.
             Was a Follower of Okawaru.
             Mangled by Duvessa
             ... wielding a +0 short sword
              (14 damage)
             ... on level 6 of the Dungeon.
             The game lasted 00:06:34 (4627 turns).

AdnanSaban the Cudgeller (Gargoyle Fighter)         Turns: 4627, Time: 00:06:35

Health: -13/50     AC: 27    Str: 22    XL:     8   Next: 60%
Magic:  6/8        EV:  8    Int: 12    God:    Okawaru [*.....]
Gold:   264        SH:  6    Dex:  9    Spells: 7/7 levels left

rFire   + . .        a - +0 flail
rCold   + . .        c - +0 buckler
rNeg    + . .        v - +0 plate armour
rPois   ∞            (no helmet)
rElec   +            j - +0 cloak
rCorr   .            (no gloves)
SInv    .            u - +4 pair of boots "Olinop" {rF+ Int+3}
Will    .....        (no amulet) Stlth
                     r - ring of protection from cold
HPRegen 0.28/turn    (no ring)
MPRegen 0.11/turn

%: no passive effects
@: heroic
A: sickness immunity, AC +5, negative energy resistance 1, electricity
resistance, torment resistance 1, petrification resistance
a: Renounce Religion, Heroism


You were on level 6 of the Dungeon.
You worshipped Okawaru.
Okawaru was aware of your devotion.
You visited 2 branches of the dungeon, and saw 7 of its levels.

You collected 264 gold pieces.

Inventory:

Hand Weapons
 a - a +0 flail (weapon)
Armour
 c - a +0 buckler (worn)
 j - a +0 cloak (worn)
 u - the +4 pair of boots "Olinop" (worn) {rF+ Int+3}
   (You found it on level 5 of the Dungeon)

   Int:       It affects your intelligence (+3).
   rF:        It protects you from fire.
 v - a +0 plate armour (worn)
Jewellery
 r - a ring of protection from cold (left hand)
Scrolls
 b - a scroll of silence {unknown}
 e - 4 scrolls of teleportation {unknown}
 f - 3 scrolls of identify {unknown}
 h - a scroll of brand weapon {unknown}
 i - 3 scrolls of fog {unknown}
 l - a scroll of noise {unknown}
 n - a scroll of torment {unknown}
 s - a scroll of amnesia {unknown}
Potions
 d - a potion of might
 g - 3 potions of curing {unknown}
 k - 2 potions of degeneration {unknown}
 m - a potion of heal wounds {unknown}
 o - 2 potions of haste {unknown}
 p - a potion of cancellation {unknown}
 q - 2 potions of mutation {unknown}
 t - a potion of ambrosia {unknown}


   Skills:
 + Level 5.6(10.6) Fighting
 + Level 7.6(12.6) Maces & Flails
 + Level 5.9(10.9) Armour
 + Level 5.0(10.0) Shields


You had 7 spell levels left.
You didn't know any spells.
Your spell library contained the following spells:

 Spells                   Type           Power      Damage    Failure   Level
 Kiss of Death            Conj/Necr      0%         2d5       99%         1
 Slow                     Hex            0%         N/A       99%         1
 Blink                    Tloc           0%         N/A       100%        2
 Wereblood                Tmut           0%         N/A       100%        2
 Confusing Touch          Hex            0%         N/A       100%        3
 Ozocubu's Armour         Ice            0%         N/A       100%        3
 Vampiric Draining        Necr           0%         2d6       100%        3
 Dispel Undead            Necr           0%         3d6       100%        4
 Manifold Assault         Tloc           0%         N/A       100%        4
 Alistair's Intoxication  Tmut/Pois      0%         N/A       100%        5
 Borgnjor's Vile Clutch   Necr/Erth      0%         N/A       100%        5
 Metabolic Englaciation   Hex/Ice        0%         N/A       100%        5
 Yara's Violent Unravell  Hex/Tmut       0%         3d3       100%        5
 Simulacrum               Ice/Necr       Unusable   N/A       N/A         6

Dungeon Overview and Level Annotations

Branches:
Dungeon (6/15)             Temple (1/1) D:5

Altars:
Ashenzari
Cheibriados
Dithmenos
Elyvilon
Gozag
Hepliaklqana
Kikubaaqudgha
Makhleb
Nemelex Xobeh
Okawaru
Qazlal
Ru
Sif Muna
Trog
Vehumet
Wu Jian
Xom
Yredelemnul
Zin
The Shining One

Annotations:
D:6 Duvessa


Innate Abilities, Weirdness & Mutations

You are immune to sickness and miasma.
Your stone body is resilient. (AC +5)
You are immune to poison.
You resist negative energy. (rN+)
You are resistant to electric shocks. (rElec)
You are resistant to unholy torment.
You are immune to petrification.


Message History

You hit Duvessa.
Duvessa is moderately wounded.
Duvessa hits you with a +0 short sword! Duvessa hits you but does no damage.
You barely miss Duvessa.
Duvessa is moderately wounded.
Duvessa hits you but does no damage.
Duvessa rages.
Duvessa hits you but does no damage. Duvessa attacks as you move away!
Duvessa barely misses you. Duvessa hits you with a +0 short sword!
* * * LOW HITPOINT WARNING * * *
You gain the combat prowess of a mighty hero.
Duvessa hits you but does no damage.
You hit Duvessa.
Duvessa is moderately wounded.
You block Duvessa's attack.
You hit Duvessa but do no damage.
Duvessa is moderately wounded.
Duvessa hits you with a +0 short sword.
* * * LOW HITPOINT WARNING * * *
You hit Duvessa.
Duvessa is heavily wounded.
Duvessa hits you but does no damage. Duvessa closely misses you.
You sock Duvessa!
Duvessa is heavily wounded.
Duvessa hits you but does no damage.
You hit Duvessa.
Duvessa is severely wounded.
Duvessa hits you with a +0 short sword!
* * * LOW HITPOINT WARNING * * *
You completely miss Duvessa.
Duvessa is severely wounded.
Duvessa hits you but does no damage.
You hit Duvessa.
Duvessa is severely wounded.
You block Duvessa's attack.
You completely miss Duvessa.
Duvessa is severely wounded.
Duvessa hits you with a +0 short sword!
You die...

....#.....#.###
#.....##
#....._..#.##
#..##.#
#.#...$.#..###
#).##.#
#.#....h#....#
#.###.#
#.#######.##)#
#.# #.#
#......e..##.#
#####.#
##..$....###.#
#..# #.#####.#
#e# #.## ..
#...#@# #.# ##
###.#.# #.#
.#.# #.# #.##
#.# #..# #.#
##.# #.# #.##
#.# #..# #.#
####.##### #)#


You could see Duvessa (berserk).

Vanquished Creatures
  A water moccasin (D:5)
  An orc warrior (D:5)
  An ice beast (D:5)
  A centaur (D:5)
  A kobold brigand (D:6)
  3 scorpions
  Dowan (D:6)
  A howler monkey (D:6)
  2 jellies
  3 hounds
  A sleepcap (D:6)
  6 iguanas
  5 orc wizards
  8 adders
  A white imp (D:5)
  2 worms (D:2)
  3 dart slugs
  6 orcs
  5 bats
  4 endoplasms
  4 giant cockroaches
  5 goblins
  9 hobgoblins
  15 jackals
  9 kobolds
  2 quokkas
  9 ball pythons
  3 frilled lizards
  6 rats
118 creatures vanquished.

Vanquished Creatures (others)
  An orc wizard (D:4)
1 creature vanquished.

Grand Total: 119 creatures vanquished

Notes
Turn   | Place    | Note
-------+----------+-------------------------------------------
     0 | D:1      | AdnanSaban the Gargoyle Fighter began the quest for the
                  | Orb.
     0 | D:1      | Reached XP level 1. HP: 14/14 MP: 1/1
   105 | D:1      | Reached XP level 2. HP: 12/19 MP: 2/2
   646 | D:1      | Reached XP level 3. HP: 23/23 MP: 3/3
  1008 | D:2      | Got Sif Muna's Treatise on Ironbound Transfiguration
  1015 | D:2      | Found a faded altar of an unknown god.
  1180 | D:2      | Found a shimmering blue altar of Sif Muna.
  1629 | D:2      | Reached XP level 4. HP: 25/29 MP: 4/4
  1666 | D:3      | Reached skill level 3 in Maces & Flails
  1777 | D:3      | Noticed a scorpion
  1784 | D:3      | Killed a scorpion
  1785 | D:3      | Reached XP level 5. HP: 31/33 MP: 5/5
  2126 | D:3      | Found a sparkling altar of Nemelex Xobeh.
  2672 | D:4      | Reached skill level 4 in Maces & Flails
  2728 | D:4      | Reached XP level 6. HP: 33/38 MP: 6/6
  3084 | D:5      | Entered Level 5 of the Dungeon
  3312 | D:5      | Reached skill level 5 in Armour
  3417 | D:5      | Found a staircase to the Ecumenical Temple.
  3439 | D:5      | Reached skill level 5 in Maces & Flails
  3439 | D:5      | Reached XP level 7. HP: 44/44 MP: 7/7
  3445 | D:5      | Identified the +4 pair of boots "Olinop" {rF+ Int+3}
  3455 | Temple   | Entered the Ecumenical Temple
  3492 | Temple   | Became a worshipper of Warmaster Okawaru
  4152 | D:5      | Reached skill level 6 in Maces & Flails
  4171 | D:5      | Reached * piety under Okawaru
  4172 | D:5      | Reached skill level 5 in Fighting
  4286 | D:5      | Reached XP level 8. HP: 42/49 MP: 8/8
  4435 | D:6      | Reached skill level 7 in Maces & Flails
  4521 | D:6      | Found a shimmering blue altar of Sif Muna.
  4521 | D:6      | Noticed Duvessa
  4521 | D:6      | Noticed Dowan
  4610 | D:6      | Killed Dowan
  4610 | D:6      | Reached ** piety under Okawaru
  4611 | D:6      | Reached skill level 5 in Shields
  4624 | D:6      | HP: 1/50 [Duvessa/+0 short sword (7)]
  4627 | D:6      | Mangled by Duvessa

Illustrated notes

Levels and vault maps discovered:
D:1:      onia_arrival_pyramid, layout_loops_ring
D:2:      layout_basic, hellmonk_ecumenical_altar_inner_sanctum, basic_altar,
          hex_large, grunt_ministairs_5
D:3:      layout_rooms, nicolae_overflow_crystal_walls, grunt_ministairs_13,
          minmay_parallelograms
D:4:      layout_loops_ring
D:5:      layout_rooms, minmay_temple_entry_purple_smoke,
          minmay_tree_intersection, saegor_snake_ambush
D:6:      layout_rooms, amcnicky_altar_gilded, serial_shops, shop_fountains,
          kennysheep_generic_room_12, uniq_duvessa
Temple:   mainiacjoe_temple_bowtie_tessellation

Skill      XL: |  1  2  3  4  5  6  7  8 |
---------------+-------------------------+-----
Armour         | 4 5 |  5.9
Maces & Flails | 3 4 5 6 7 |  7.6
Fighting       | 4 5 |  5.6
Shields        | 4 5 |  5.0

Action                     |  1- 3 |  4- 6 |  7- 9 || total
---------------------------+-------+-------+-------++-------
  Melee: Flail             |   154 |   227 |   173 ||   554
 Invoke: Heroism           |       |       |     1 ||     1
 Armour: Scale mail        |   111 |   151 |    35 ||   297
         Plate armour      |       |       |    97 ||    97
  Dodge: Dodged            |    95 |   115 |    64 ||   274
  Block: Buckler           |    39 |    58 |    37 ||   134

Table legend: (Time is in decaauts)
 A = Elapsed time spent in this place.
 B = Non-inter-level travel time spent in this place.
 C = Inter-level travel time spent in this place.
 D = Time resting spent in this place.
 E = Time spent auto-exploring this place.
 F = Levels seen in this place.
 G = Mean time per level.
                   A        B        C        D        E       F      G
               +--------+--------+--------+--------+--------+-----+--------+
         Total |   4771 |   4554 |    217 |    247 |   3158 |   7 |  681.6 |
       Dungeon |   4706 |   4549 |    157 |    247 |   3158 |   6 |  784.3 |
        Temple |     64 |      4 |     60 |      0 |      0 |   1 |   64.0 |
               +--------+--------+--------+--------+--------+-----+--------+

Top non-repeatable levels by time:
     D:5: 1199 daAuts
     D:2: 952 daAuts
     D:3: 780 daAuts
     D:1: 739 daAuts
     D:4: 703 daAuts
     D:6: 330 daAuts
  Temple: 64 daAuts
